Workbook

Sheet Cómo usarla
A1: Planilla de feedlot: lotes, alimentación y resultado
A3: Para seguir cada lote de engorde a corral: entrada, salida, comida entregada y cuánto te costó cada kilo producido.
A5: Hojas:
A6: • Lotes: una fila por lote con la entrada y la salida. Los días, la ganancia diaria y los kilos producidos se calculan solos.
A7: • Alimentación: cada entrega de comida al lote, en kilos tal cual, con su precio por kilo.
A8: • Resultado: por lote, el costo de alimentación, el costo por kilo producido, la conversión y el margen.
A10: Todos los precios van sin IVA y en la misma moneda. Si sumás sanidad, flete o comisiones, cargalos en la columna "Otros costos" de la hoja Lotes.
A12: Para calcular la ración y el costo de engorde también tenés gratis la calculadora de engorde y la de ración en micampodigital.com.ar.
A14: Planilla gratuita de Mi Campo Digital · micampodigital.com.ar/recursos
A15: ¿Querés que se calcule sola, con lector de caravanas y sin señal? Importala en micampodigital.com.ar

Sheet Lotes
A1: Lote | B1: Corral | C1: Fecha entrada | D1: Cabezas | E1: Kg entrada (promedio) | F1: Precio compra $/kg | G1: Fecha salida | H1: Kg salida (promedio) | I1: Precio venta $/kg | J1: Otros costos $ | K1: Días | L1: GDP (kg/día) | M1: Kg producidos (lote)
A2: Lote 1 | B2: C3 | C2: 46174.5 | D2: 50 | E2: 220 | F2: 5200 | G2: 46296.5 | H2: 360 | I2: 4300 | J2: 600000 | K2: =IF(AND(C2<>"",G2<>""),G2-C2,"") | L2: =IF(AND(ISNUMBER(K2),K2>0,H2<>""),(H2-E2)/K2,"") | M2: =IF(AND(D2<>"",H2<>""),(H2-E2)*D2,"")
K3: =IF(AND(C3<>"",G3<>""),G3-C3,"") | L3: =IF(AND(ISNUMBER(K3),K3>0,H3<>""),(H3-E3)/K3,"") | M3: =IF(AND(D3<>"",H3<>""),(H3-E3)*D3,"")
K4: =IF(AND(C4<>"",G4<>""),G4-C4,"") | L4: =IF(AND(ISNUMBER(K4),K4>0,H4<>""),(H4-E4)/K4,"") | M4: =IF(AND(D4<>"",H4<>""),(H4-E4)*D4,"")
K5: =IF(AND(C5<>"",G5<>""),G5-C5,"") | L5: =IF(AND(ISNUMBER(K5),K5>0,H5<>""),(H5-E5)/K5,"") | M5: =IF(AND(D5<>"",H5<>""),(H5-E5)*D5,"")
K6: =IF(AND(C6<>"",G6<>""),G6-C6,"") | L6: =IF(AND(ISNUMBER(K6),K6>0,H6<>""),(H6-E6)/K6,"") | M6: =IF(AND(D6<>"",H6<>""),(H6-E6)*D6,"")
K7: =IF(AND(C7<>"",G7<>""),G7-C7,"") | L7: =IF(AND(ISNUMBER(K7),K7>0,H7<>""),(H7-E7)/K7,"") | M7: =IF(AND(D7<>"",H7<>""),(H7-E7)*D7,"")
K8: =IF(AND(C8<>"",G8<>""),G8-C8,"") | L8: =IF(AND(ISNUMBER(K8),K8>0,H8<>""),(H8-E8)/K8,"") | M8: =IF(AND(D8<>"",H8<>""),(H8-E8)*D8,"")
K9: =IF(AND(C9<>"",G9<>""),G9-C9,"") | L9: =IF(AND(ISNUMBER(K9),K9>0,H9<>""),(H9-E9)/K9,"") | M9: =IF(AND(D9<>"",H9<>""),(H9-E9)*D9,"")
K10: =IF(AND(C10<>"",G10<>""),G10-C10,"") | L10: =IF(AND(ISNUMBER(K10),K10>0,H10<>""),(H10-E10)/K10,"") | M10: =IF(AND(D10<>"",H10<>""),(H10-E10)*D10,"")
K11: =IF(AND(C11<>"",G11<>""),G11-C11,"") | L11: =IF(AND(ISNUMBER(K11),K11>0,H11<>""),(H11-E11)/K11,"") | M11: =IF(AND(D11<>"",H11<>""),(H11-E11)*D11,"")
K12: =IF(AND(C12<>"",G12<>""),G12-C12,"") | L12: =IF(AND(ISNUMBER(K12),K12>0,H12<>""),(H12-E12)/K12,"") | M12: =IF(AND(D12<>"",H12<>""),(H12-E12)*D12,"")
K13: =IF(AND(C13<>"",G13<>""),G13-C13,"") | L13: =IF(AND(ISNUMBER(K13),K13>0,H13<>""),(H13-E13)/K13,"") | M13: =IF(AND(D13<>"",H13<>""),(H13-E13)*D13,"")
K14: =IF(AND(C14<>"",G14<>""),G14-C14,"") | L14: =IF(AND(ISNUMBER(K14),K14>0,H14<>""),(H14-E14)/K14,"") | M14: =IF(AND(D14<>"",H14<>""),(H14-E14)*D14,"")
... K300: =IF(AND(C300<>"",G300<>""),G300-C300,"") | L300: =IF(AND(ISNUMBER(K300),K300>0,H300<>""),(H300-E300)/K300,"") | M300: =IF(AND(D300<>"",H300<>""),(H300-E300)*D300,"")

Sheet Alimentación
A1: Fecha | B1: Lote | C1: Alimento o ración | D1: Kg entregados | E1: Precio $/kg | F1: Costo $
A2: 46174.5 | B2: Lote 1 | C2: Ración terminación | D2: 55000 | E2: 250 | F2: =IF(AND(D2<>"",E2<>""),D2*E2,"")
F3: =IF(AND(D3<>"",E3<>""),D3*E3,"")
F4: =IF(AND(D4<>"",E4<>""),D4*E4,"")
F5: =IF(AND(D5<>"",E5<>""),D5*E5,"")
F6: =IF(AND(D6<>"",E6<>""),D6*E6,"")
F7: =IF(AND(D7<>"",E7<>""),D7*E7,"")
F8: =IF(AND(D8<>"",E8<>""),D8*E8,"")
F9: =IF(AND(D9<>"",E9<>""),D9*E9,"")
F10: =IF(AND(D10<>"",E10<>""),D10*E10,"")
F11: =IF(AND(D11<>"",E11<>""),D11*E11,"")
F12: =IF(AND(D12<>"",E12<>""),D12*E12,"")
F13: =IF(AND(D13<>"",E13<>""),D13*E13,"")
F14: =IF(AND(D14<>"",E14<>""),D14*E14,"")
... F3000: =IF(AND(D3000<>"",E3000<>""),D3000*E3000,"")

Sheet Resultado
A1: Lote | B1: Kg de alimento | C1: Costo alimentación $ | D1: Kg producidos | E1: Conversión (kg alimento por kg) | F1: Costo por kg producido $ | G1: Compra $ | H1: Venta $ | I1: Margen $
A2: =IF(Lotes!A2="","",Lotes!A2) | B2: =IF(A2="","",SUMIF('Alimentación'!$B$2:$B$3000,A2,'Alimentación'!$D$2:$D$3000)) | C2: =IF(A2="","",SUMIF('Alimentación'!$B$2:$B$3000,A2,'Alimentación'!$F$2:$F$3000)) | D2: =IF(A2="","",Lotes!M2) | E2: =IFERROR(B2/D2,"") | F2: =IFERROR((C2+Lotes!J2)/D2,"") | G2: =IF(A2="","",Lotes!D2*Lotes!E2*Lotes!F2) | H2: =IF(OR(A2="",Lotes!H2=""),"",Lotes!D2*Lotes!H2*Lotes!I2) | I2: =IFERROR(H2-G2-C2-Lotes!J2,"")
A3: =IF(Lotes!A3="","",Lotes!A3) | B3: =IF(A3="","",SUMIF('Alimentación'!$B$2:$B$3000,A3,'Alimentación'!$D$2:$D$3000)) | C3: =IF(A3="","",SUMIF('Alimentación'!$B$2:$B$3000,A3,'Alimentación'!$F$2:$F$3000)) | D3: =IF(A3="","",Lotes!M3) | E3: =IFERROR(B3/D3,"") | F3: =IFERROR((C3+Lotes!J3)/D3,"") | G3: =IF(A3="","",Lotes!D3*Lotes!E3*Lotes!F3) | H3: =IF(OR(A3="",Lotes!H3=""),"",Lotes!D3*Lotes!H3*Lotes!I3) | I3: =IFERROR(H3-G3-C3-Lotes!J3,"")
A4: =IF(Lotes!A4="","",Lotes!A4) | B4: =IF(A4="","",SUMIF('Alimentación'!$B$2:$B$3000,A4,'Alimentación'!$D$2:$D$3000)) | C4: =IF(A4="","",SUMIF('Alimentación'!$B$2:$B$3000,A4,'Alimentación'!$F$2:$F$3000)) | D4: =IF(A4="","",Lotes!M4) | E4: =IFERROR(B4/D4,"") | F4: =IFERROR((C4+Lotes!J4)/D4,"") | G4: =IF(A4="","",Lotes!D4*Lotes!E4*Lotes!F4) | H4: =IF(OR(A4="",Lotes!H4=""),"",Lotes!D4*Lotes!H4*Lotes!I4) | I4: =IFERROR(H4-G4-C4-Lotes!J4,"")
A5: =IF(Lotes!A5="","",Lotes!A5) | B5: =IF(A5="","",SUMIF('Alimentación'!$B$2:$B$3000,A5,'Alimentación'!$D$2:$D$3000)) | C5: =IF(A5="","",SUMIF('Alimentación'!$B$2:$B$3000,A5,'Alimentación'!$F$2:$F$3000)) | D5: =IF(A5="","",Lotes!M5) | E5: =IFERROR(B5/D5,"") | F5: =IFERROR((C5+Lotes!J5)/D5,"") | G5: =IF(A5="","",Lotes!D5*Lotes!E5*Lotes!F5) | H5: =IF(OR(A5="",Lotes!H5=""),"",Lotes!D5*Lotes!H5*Lotes!I5) | I5: =IFERROR(H5-G5-C5-Lotes!J5,"")
A6: =IF(Lotes!A6="","",Lotes!A6) | B6: =IF(A6="","",SUMIF('Alimentación'!$B$2:$B$3000,A6,'Alimentación'!$D$2:$D$3000)) | C6: =IF(A6="","",SUMIF('Alimentación'!$B$2:$B$3000,A6,'Alimentación'!$F$2:$F$3000)) | D6: =IF(A6="","",Lotes!M6) | E6: =IFERROR(B6/D6,"") | F6: =IFERROR((C6+Lotes!J6)/D6,"") | G6: =IF(A6="","",Lotes!D6*Lotes!E6*Lotes!F6) | H6: =IF(OR(A6="",Lotes!H6=""),"",Lotes!D6*Lotes!H6*Lotes!I6) | I6: =IFERROR(H6-G6-C6-Lotes!J6,"")
A7: =IF(Lotes!A7="","",Lotes!A7) | B7: =IF(A7="","",SUMIF('Alimentación'!$B$2:$B$3000,A7,'Alimentación'!$D$2:$D$3000)) | C7: =IF(A7="","",SUMIF('Alimentación'!$B$2:$B$3000,A7,'Alimentación'!$F$2:$F$3000)) | D7: =IF(A7="","",Lotes!M7) | E7: =IFERROR(B7/D7,"") | F7: =IFERROR((C7+Lotes!J7)/D7,"") | G7: =IF(A7="","",Lotes!D7*Lotes!E7*Lotes!F7) | H7: =IF(OR(A7="",Lotes!H7=""),"",Lotes!D7*Lotes!H7*Lotes!I7) | I7: =IFERROR(H7-G7-C7-Lotes!J7,"")
A8: =IF(Lotes!A8="","",Lotes!A8) | B8: =IF(A8="","",SUMIF('Alimentación'!$B$2:$B$3000,A8,'Alimentación'!$D$2:$D$3000)) | C8: =IF(A8="","",SUMIF('Alimentación'!$B$2:$B$3000,A8,'Alimentación'!$F$2:$F$3000)) | D8: =IF(A8="","",Lotes!M8) | E8: =IFERROR(B8/D8,"") | F8: =IFERROR((C8+Lotes!J8)/D8,"") | G8: =IF(A8="","",Lotes!D8*Lotes!E8*Lotes!F8) | H8: =IF(OR(A8="",Lotes!H8=""),"",Lotes!D8*Lotes!H8*Lotes!I8) | I8: =IFERROR(H8-G8-C8-Lotes!J8,"")
A9: =IF(Lotes!A9="","",Lotes!A9) | B9: =IF(A9="","",SUMIF('Alimentación'!$B$2:$B$3000,A9,'Alimentación'!$D$2:$D$3000)) | C9: =IF(A9="","",SUMIF('Alimentación'!$B$2:$B$3000,A9,'Alimentación'!$F$2:$F$3000)) | D9: =IF(A9="","",Lotes!M9) | E9: =IFERROR(B9/D9,"") | F9: =IFERROR((C9+Lotes!J9)/D9,"") | G9: =IF(A9="","",Lotes!D9*Lotes!E9*Lotes!F9) | H9: =IF(OR(A9="",Lotes!H9=""),"",Lotes!D9*Lotes!H9*Lotes!I9) | I9: =IFERROR(H9-G9-C9-Lotes!J9,"")
A10: =IF(Lotes!A10="","",Lotes!A10) | B10: =IF(A10="","",SUMIF('Alimentación'!$B$2:$B$3000,A10,'Alimentación'!$D$2:$D$3000)) | C10: =IF(A10="","",SUMIF('Alimentación'!$B$2:$B$3000,A10,'Alimentación'!$F$2:$F$3000)) | D10: =IF(A10="","",Lotes!M10) | E10: =IFERROR(B10/D10,"") | F10: =IFERROR((C10+Lotes!J10)/D10,"") | G10: =IF(A10="","",Lotes!D10*Lotes!E10*Lotes!F10) | H10: =IF(OR(A10="",Lotes!H10=""),"",Lotes!D10*Lotes!H10*Lotes!I10) | I10: =IFERROR(H10-G10-C10-Lotes!J10,"")
A11: =IF(Lotes!A11="","",Lotes!A11) | B11: =IF(A11="","",SUMIF('Alimentación'!$B$2:$B$3000,A11,'Alimentación'!$D$2:$D$3000)) | C11: =IF(A11="","",SUMIF('Alimentación'!$B$2:$B$3000,A11,'Alimentación'!$F$2:$F$3000)) | D11: =IF(A11="","",Lotes!M11) | E11: =IFERROR(B11/D11,"") | F11: =IFERROR((C11+Lotes!J11)/D11,"") | G11: =IF(A11="","",Lotes!D11*Lotes!E11*Lotes!F11) | H11: =IF(OR(A11="",Lotes!H11=""),"",Lotes!D11*Lotes!H11*Lotes!I11) | I11: =IFERROR(H11-G11-C11-Lotes!J11,"")
A12: =IF(Lotes!A12="","",Lotes!A12) | B12: =IF(A12="","",SUMIF('Alimentación'!$B$2:$B$3000,A12,'Alimentación'!$D$2:$D$3000)) | C12: =IF(A12="","",SUMIF('Alimentación'!$B$2:$B$3000,A12,'Alimentación'!$F$2:$F$3000)) | D12: =IF(A12="","",Lotes!M12) | E12: =IFERROR(B12/D12,"") | F12: =IFERROR((C12+Lotes!J12)/D12,"") | G12: =IF(A12="","",Lotes!D12*Lotes!E12*Lotes!F12) | H12: =IF(OR(A12="",Lotes!H12=""),"",Lotes!D12*Lotes!H12*Lotes!I12) | I12: =IFERROR(H12-G12-C12-Lotes!J12,"")
A13: =IF(Lotes!A13="","",Lotes!A13) | B13: =IF(A13="","",SUMIF('Alimentación'!$B$2:$B$3000,A13,'Alimentación'!$D$2:$D$3000)) | C13: =IF(A13="","",SUMIF('Alimentación'!$B$2:$B$3000,A13,'Alimentación'!$F$2:$F$3000)) | D13: =IF(A13="","",Lotes!M13) | E13: =IFERROR(B13/D13,"") | F13: =IFERROR((C13+Lotes!J13)/D13,"") | G13: =IF(A13="","",Lotes!D13*Lotes!E13*Lotes!F13) | H13: =IF(OR(A13="",Lotes!H13=""),"",Lotes!D13*Lotes!H13*Lotes!I13) | I13: =IFERROR(H13-G13-C13-Lotes!J13,"")
... A300: =IF(Lotes!A300="","",Lotes!A300) | B300: =IF(A300="","",SUMIF('Alimentación'!$B$2:$B$3000,A300,'Alimentación'!$D$2:$D$3000)) | C300: =IF(A300="","",SUMIF('Alimentación'!$B$2:$B$3000,A300,'Alimentación'!$F$2:$F$3000)) | D300: =IF(A300="","",Lotes!M300) | E300: =IFERROR(B300/D300,"") | F300: =IFERROR((C300+Lotes!J300)/D300,"") | G300: =IF(A300="","",Lotes!D300*Lotes!E300*Lotes!F300) | H300: =IF(OR(A300="",Lotes!H300=""),"",Lotes!D300*Lotes!H300*Lotes!I300) | I300: =IFERROR(H300-G300-C300-Lotes!J300,"")
